 Dungeon Crawl Stone Soup version 0.27-a0-1182-gee19b5822f (webtiles) character file.

Game seed: 1702755119058845722

39 Delamore the Shield-Bearer (level 3, -1/24 HPs)
             Began as a Gargoyle Fighter on May 18, 2021.
             Slain by a gnoll
             ... wielding a +0 club
              (7 damage)
             ... on level 1 of the Dungeon.
             The game lasted 00:01:19 (1867 turns).

Delamore the Shield-Bearer (Gargoyle Fighter)       Turns: 1867, Time: 00:01:19

Health: -1/24      AC: 10    Str: 20    XL:     3   Next: 47%
Magic:  3/3        EV:  7    Int:  8    God:
Gold:   37         SH:  9    Dex:  9    Spells: 2/2 levels left

rFire    . . .     SeeInvis .   a - +0 flail
rCold    . . .     Faith    .   c - +0 kite shield
rNeg     + . .     Spirit   .   b - +0 scale mail
rPois    ∞         Reflect  .   (no helmet)
rElec    +         Harm     .   (no cloak)
rCorr    .         Rampage  .   (no gloves)
Will     .....                  (no boots)
Stlth    ..........             (no amulet)
HPRegen  0.08/turn              (no ring)
MPRegen  0.08/turn              (no ring)

@: no status effects
A: sickness immunity, AC +3, negative energy resistance 1, electricity
resistance, torment resistance 1, petrification resistance
a: no special abilities


You were on level 1 of the Dungeon.
You visited 1 branch of the dungeon, and saw 2 of its levels.

You collected 37 gold pieces.

Inventory:

Hand Weapons
 a - a +0 flail (weapon)
Armour
 b - a +0 scale mail (worn)
 c - a +0 kite shield (worn)
Jewellery
 f - a ring of fire
Scrolls
 g - a scroll of vulnerability {unknown}
Potions
 d - a potion of might
 e - a potion of curing {unknown}


   Skills:
 + Level 3.8 Fighting
 + Level 2.6 Maces & Flails
 - Level 3.2 Armour
 + Level 3.9 Shields


You had 2 spell levels left.
You didn't know any spells.
Your spell library contained the following spells:

 Spells                   Type           Power      Damage    Failure   Level
 Foxfire                  Conj/Fire      0%         2x1d4     99%         1
 Fulminant Prism          Conj/Hex       0%         3d6       100%        4
 Sticky Flame             Conj/Fire      0%         2d3       100%        4
 Fireball                 Conj/Fire      0%         3d3       100%        5
 Invisibility             Hex            0%         N/A       100%        6


Dungeon Overview and Level Annotations

Branches:
Dungeon (2/15)

Altars:

Shops:
D:1 *


Innate Abilities, Weirdness & Mutations

You are immune to sickness and miasma.
Your stone body is resilient. (AC +3)
You are immune to poison.
You resist negative energy. (rN+)
You are resistant to electric shocks. (rElec)
You are resistant to unholy torment.
You are immune to petrification.


Message History

No target in view!
No target in view!
You start resting.
HP restored.
You climb downwards.
The gnoll hits you with a +0 club. The gnoll hits you with a +0 whip.
There is a stone staircase leading up here.
The gnoll hits you but does no damage. The gnoll barely misses you.
You climb upwards.
There is a stone staircase leading down here.
You barely miss the gnoll. You block the gnoll's attack.
The gnoll closely misses you. The gnoll hits you but does no damage.
The gnoll completely misses you.
You closely miss the gnoll. You block the gnoll's attack. x2
You hit the gnoll but do no damage. The gnoll closely misses you.
You block the gnoll's attack. The gnoll hits you with a +0 club.
The gnoll hits you but does no damage.
You barely miss the gnoll. You block the gnoll's attack.
The gnoll completely misses you.
You sock the gnoll!
The gnoll is severely wounded.
The gnoll closely misses you. x2; You block the gnoll's attack.
The gnoll barely misses you.
You hit the gnoll but do no damage.
The gnoll is severely wounded.
The gnoll completely misses you. You block the gnoll's attack.
You hit the gnoll.
The gnoll is severely wounded.
The gnoll hits you with a +0 club. The gnoll barely misses you.
The gnoll hits you with a +0 club.
You closely miss the gnoll.
The gnoll is severely wounded.
The gnoll completely misses you. The gnoll hits you but does no damage.
The gnoll hits you with a +0 whip.
You hit the gnoll but do no damage.
The gnoll is severely wounded.
The gnoll hits you but does no damage. The gnoll hits you with a +0 whip.
* * * LOW HITPOINT WARNING * * *
The gnoll hits you with a +0 club!
You die...

.######.###..#.# #...........'.#.
.............#.# #...........#.#.
.............#.###############.#.
.............#.[...............#.
##############...................
.........# ##......#...........
######.#.# #......#...........
#....#.######g.....##########..
###.##+#......#.@....# #..
#.......#####.#g.....# #..
#.......# #.######.# #|.
#.......# #.# #.# #.. #.....).#
#.# #.# #.. ###'##.######.# #.#
#.. #.##......#.# #.# #..
#.#######.#.# #.# #.. #.# #.#.#
#.# ########


You could see 2 gnolls.

Vanquished Creatures
  A gnoll (D:1)
  A dart slug (D:1)
  2 ball pythons (D:1)
  4 bats (D:1)
  2 endoplasms (D:1)
  3 goblins (D:1)
  A hobgoblin (D:1)
  3 jackals (D:1)
  3 quokkas (D:1)
  A frilled lizard (D:1)
  2 kobolds
  2 rats (D:1)
25 creatures vanquished.

Notes
Turn   | Place    | Note
-------+----------+-------------------------------------------
     0 | D:1      | Delamore the Gargoyle Fighter began the quest for the Orb.
     0 | D:1      | Reached XP level 1. HP: 14/14 MP: 1/1
   273 | D:1      | Reached XP level 2. HP: 19/19 MP: 2/2
   755 | D:1      | Found a faded altar of an unknown god.
   821 | D:1      | Reached XP level 3. HP: 21/24 MP: 3/3
  1008 | D:1      | Found Moming's General Store.
  1733 | D:2      | Identified Ynargh's Almanac of the Arsonist and Execration
  1867 | D:1      | Slain by a gnoll

Illustrated notes

Levels and vault maps discovered:
D:1:      dpeg_arrival_boxes_within_box, layout_basic, serial_shops, shop,
          shapermc_ecumenical_altar_totnotflames, chequers_serial_rivers_small_b
D:2:      layout_basic, minmay_goblin_outpost, uniq_crazy_yiuf_cottage

Action                   || total
-------------------------++-------
Melee: Flail             ||    97
Armor: Scale mail        ||    88
Dodge: Dodged            ||    75
Block: Kite shield       ||    71

Table legend: (Time is in decaauts)
 A = Elapsed time spent in this place.
 B = Non-inter-level travel time spent in this place.
 C = Inter-level travel time spent in this place.
 D = Time resting spent in this place.
 E = Time spent auto-exploring this place.
 F = Levels seen in this place.
 G = Mean time per level.
                   A        B        C        D        E       F      G
               +--------+--------+--------+--------+--------+-----+--------+
         Total |   1916 |   1890 |     26 |    523 |   1123 |   2 |  958.0 |
       Dungeon |   1916 |   1890 |     26 |    523 |   1123 |   2 |  958.0 |
               +--------+--------+--------+--------+--------+-----+--------+

Top non-repeatable levels by time:
     D:1: 1865 daAuts
     D:2: 51 daAuts
